 Dungeon Crawl Stone Soup version 0.27.1-1-g398f81649c (webtiles) character file.

Game seed: 16195828423690494828

14 nxtlvl the Firebug (level 2, -7/19 HPs)
             Began as a Formicid Fire Elementalist on Sept 8, 2021.
             Killed from afar by Ijyb (13 damage)
             ... with a puff of flame
             ... on level 3 of the Dungeon.
             The game lasted 00:04:27 (496 turns).

nxtlvl the Firebug (Formicid Fire Elementalist)      Turns: 496, Time: 00:04:27

Health: -7/19      AC:  2    Str: 12    XL:     2   Next: 55%
Magic:  1/5        EV: 12    Int: 14    God:
Gold:   28         SH:  0    Dex: 11    Spells: 4/5 levels left

rFire    . . .     SeeInvis +   (no weapon)
rCold    . . .     Faith    .   (no shield)
rNeg     . . .     Spirit   .   a - +0 robe
rPois    .         Reflect  .   (helmet unavailable)
rElec    .         Harm     .   (no cloak)
rCorr    .         Rampage  .   (no gloves)
Will     .....                  (no boots)
Stlth    ++........             (no amulet)
HPRegen  0.06/turn              (no ring)
MPRegen  0.09/turn              (no ring)

@: no status effects
A: permanent stasis, dig shafts and tunnels, antennae 3, four strong arms
a: Dig, Shaft Self


You were on level 3 of the Dungeon.
You visited 1 branch of the dungeon, and saw 3 of its levels.

You collected 28 gold pieces.

Inventory:

Armour
 a - a +0 robe (worn)
Scrolls
 b - a scroll of enchant armour {unknown}
 d - a scroll of identify {unknown}
 e - a scroll of fog {unknown}
Potions
 c - a potion of might {unknown}


   Skills:
 - Level 1.7 Dodging
 - Level 2.4 Stealth
 + Level 2.4 Spellcasting
 * Level 1.4 Conjurations
 * Level 3.3 Fire Magic


You had 4 spell levels left.
You knew the following spells:

 Your Spells              Type           Power      Damage    Failure   Level
z - Foxfire               Conj/Fire      32%        2x1d5     9%          1

Your spell library contained the following spells:

 Spells                   Type           Power      Damage    Failure   Level
 Conjure Flame            Conj/Fire      8%         6-21      26%         3
 Inner Flame              Hex/Fire       6%         N/A       34%         3
 Sticky Flame             Conj/Fire      8%         2d3       65%         4
 Fireball                 Conj/Fire      4%         3d4       94%         5


Dungeon Overview and Level Annotations

Branches:
Dungeon (3/15)

Altars:

Annotations:
D:3 Ijyb


Innate Abilities, Weirdness & Mutations

You cannot be hasted, slowed, berserked, paralysed or teleported.
You can dig through walls and to a lower floor.
You have a pair of large antennae on your head. (SInv)
Your four strong arms can wield two-handed weapons with a shield.


Message History

Casting: Foxfire (safe; 9% risk of failure)
Confirm with . or Enter, or press ? or * to list all spells.
You conjure some foxfire!
The foxfire hits Ijyb but does no damage.
The foxfire hits Ijyb.
Ijyb is lightly wounded.
The foxfire hits Ijyb.
Ijyb is lightly wounded.
The foxfire hits Ijyb but does no damage.
Ijyb is lightly wounded.
Casting: Foxfire (safe; 9% risk of failure)
Confirm with . or Enter, or press ? or * to list all spells.
You conjure some foxfire!
The foxfire hits Ijyb.
Ijyb is moderately wounded.
Unknown command.
Casting: Foxfire (safe; 9% risk of failure)
Confirm with . or Enter, or press ? or * to list all spells.
You conjure some foxfire!
The foxfire hits Ijyb but does no damage.
Ijyb is moderately wounded.
Unknown command.
Casting: Foxfire (safe; 9% risk of failure)
Confirm with . or Enter, or press ? or * to list all spells.
You conjure some foxfire!
The foxfire hits Ijyb but does no damage.
Ijyb is moderately wounded.
The foxfire hits Ijyb but does no damage.
Ijyb is moderately wounded.
Ijyb barely misses you.
Your foxfire dissipates!
The foxfire hits Ijyb but does no damage.
Ijyb is moderately wounded.
You hit Ijyb.
Ijyb is moderately wounded.
Ijyb zaps a wand.
The puff of flame hits you.
You open the door. Ijyb hits you with a +0 club.
There is an open door here.
Ijyb zaps a wand.
The puff of flame hits you!
Ouch! That really hurt!
You die...

#### ##+## ...# ##...##
##g# ##.....## .#.#
##.......## ##
...###.........####...##
.....'........g'@......#
...###.........####...##
.#.# ##.......## .# ##.#
##.....## #.# ##...##
... ##+## {#.# (.#


You could see Ijyb.

Vanquished Creatures
  5 hobgoblins
  2 quokkas
  3 bats
  A frilled lizard (D:2)
11 creatures vanquished.

Vanquished Creatures (others)
  41 foxfires
41 creatures vanquished.

Grand Total: 52 creatures vanquished

Notes
Turn   | Place    | Note
-------+----------+-------------------------------------------
     0 | D:1      | nxtlvl the Formicid Fire Elementalist began the quest for
                  | the Orb.
     0 | D:1      | Reached XP level 1. HP: 13/13 MP: 3/3
    93 | D:1      | Reached skill level 1 in Conjurations
   207 | D:2      | Reached XP level 2. HP: 19/19 MP: 1/5
   211 | D:2      | Found a faded altar of an unknown god.
   473 | D:3      | Noticed Ijyb
   496 | D:3      | Killed from afar by Ijyb

Illustrated notes

Levels and vault maps discovered:
D:1:      minmay_arrival_five_plusses, layout_loops_ring
D:2:      layout_basic, shapermc_ecumenical_altar_notcrosses, uniq_natasha
D:3:      layout_loops_corners, uniq_ijyb

Skill      XL: |  1 |
---------------+----+-----
Conjurations   | 1 |  1.4
Dodging        | |  1.7
Stealth        | |  2.4
Spellcasting   | |  2.4
Fire Magic     | |  3.3

Action                   || total
-------------------------++-------
Melee: Unarmed           ||    22
 Cast: Foxfire           ||    31
Armor: Robe              ||    10
Dodge: Dodged            ||    50
